[Event "Team 45 45 League T24"]
[Site "Internet Chess Club"]
[Date "2004.10.04"]
[Round "4"]
[White "forku2"]
[Black "PatrookMcKnight"]
[Result "1-0"]
[WhiteElo "1632"]
[BlackElo "1618"]
[TimeControl "2700+45"]

1. d4 d5 2. Nf3 Nf6 3. Nbd2 Bf5 4. b3 e6 5. Bb2 c5 6. e3 cxd4 7. Nxd4 Bg6 8.
Bb5+ Nbd7 9. O-O a6 10. Bd3 Ne5 11. Nxe6 fxe6 12. Bxe5 Bd6 13. Bg3 Bxg3 14.
Bxg6+ hxg6 15. fxg3 Qb6 16. Qe2 Qb4 17. c4 dxc4 18. Nxc4 b5 19. Ne5 Qe4 20. Nd3
Nd5 21. Nc5 Qxe3+ 22. Qxe3 Nxe3 23. Rfe1 Nf5 24. Rxe6+ Kf7 25. Rf1 Rac8 26. Rxa6
Rxc5 27. g4 Rhc8 28. gxf5 gxf5 29. g4 g6 30. gxf5 gxf5 31. Kf2 R8c6 32. Ra7+ Rc7
33. Rxc7+ Rxc7 34. Ke3 Kf6 35. Rf2 Re7+ 36. Kf3 Re4 37. Re2 Rxe2 38. Kxe2 Kg5
39. a4 bxa4 40. bxa4 Kg4 41. a5 Kh3 42. Kf3 Kxh2 43. a6 Kh3 44. a7 Kh4 45. a8=Q
Kg5 46. Qg8+ Kf6 47. Kf4 Ke7 48. Kxf5 Kd6 49. Qe8 Kc5 50. Qd7 Kc4 51. Ke4 Kc5
52. Qd4+ Kb5 53. Kd5 Ka6 54. Qb4 Ka7 55. Kc6 Ka6 56. Qa3# {Black checkmated} 1-0

[Event "Team 45 45 League T24"]
[Site "Internet Chess Club"]
[Date "2004.10.02"]
[Round "4"]
[White "Mississippian"]
[Black "rickylr"]
[Result "0-1"]
[WhiteElo "1508"]
[BlackElo "1510"]
[TimeControl "2700+45"]

1. c4 Nf6 2. Nf3 e6 3. Nc3 d5 4. g3 Bc5 5. Bg2 Ng4 6. O-O Bxf2+ 7. Rxf2 Nxf2 8.
Kxf2 dxc4 9. Qa4+ c6 10. Qxc4 O-O 11. b3 Qf6 12. Kg1 Nd7 13. d4 Nb6 14. Qc5 Nd5
15. e4 Nxc3 16. Qxc3 h6 17. Bb2 Rd8 18. e5 Qe7 19. b4 f6 20. Rd1 a6 21. a4 Rb8
22. Qe3 Qxb4 23. Bc3 Qxa4 24. exf6 Qxd1+ 25. Bf1 Rf8 26. fxg7 Rxf3 27. Qe2 Qxe2
28. Bxe2 Rxc3 {White resigns} 0-1

[Event "Team 45 45 League T24"]
[Site "Internet Chess Club"]
[Date "2004.10.02"]
[Round "4"]
[White "Agent911"]
[Black "jericho121"]
[Result "1-0"]
[WhiteElo "1685"]
[BlackElo "1528"]
[TimeControl "2700+45"]

1. c4 Nf6 2. g3 g6 3. Bg2 Bg7 4. Nc3 O-O 5. d4 d6 6. e4 e5 7. d5 Nbd7 8. Nge2 a5
9. O-O Nc5 10. f4 Ncd7 11. Nb5 Nh5 12. f5 Nc5 13. g4 Nf6 14. Ng3 Bd7 15. g5 Ne8
16. f6 Bh8 17. h4 c6 18. Nc3 Qb6 19. Kh2 Qa6 20. dxc6 Bxc6 21. Nd5 Bxd5 22. cxd5
Nc7 23. Be3 b6 24. Nh1 Qb5 25. Nf2 Rfc8 26. Ng4 Kf8 27. Rf2 Nd3 28. Qe2 Nxf2 29.
Qxf2 Rab8 30. Bf1 Qb4 31. b3 a4 32. Bc4 b5 33. a3 Qa5 34. b4 Qa6 35. Be2 Na8 36.
Bc5 Rc7 37. Nxe5 dxc5 38. bxc5 Re8 39. Qd4 Qa7 40. Bxb5 Rd8 41. Nc6 Rxc6 42.
Bxc6 Nc7 43. Rb1 Ne6 44. Qb4 Nxc5 45. Rc1 Rb8 46. Qxc5+ Qxc5 47. Rxc5 h6 48.
Bxa4 hxg5 49. hxg5 Kg8 50. Bd7 Rb2+ 51. Kg1 Re2 52. Rc4 Re3 53. Kf2 Rxa3 54. e5
Rh3 55. Bxh3 {Black resigns} 1-0

[Event "Team 45 45 League T24"]
[Site "Internet Chess Club"]
[Date "2004.10.02"]
[Round "4"]
[White "Achilles"]
[Black "Ratbeard"]
[Result "0-1"]
[WhiteElo "1344"]
[BlackElo "1448"]
[TimeControl "2700+45"]

1. d4 Nf6 2. c4 d5 3. e3 e6 4. g3 dxc4 5. Bg2 c6 6. Nc3 Bb4 7. a3 Bxc3+ 8. bxc3
b5 9. Nf3 Nbd7 10. O-O Bb7 11. Rb1 a6 12. Qc2 O-O 13. Re1 c5 14. e4 cxd4 15.
cxd4 Nb6 16. e5 Bxf3 17. Bxf3 Nfd5 18. Be4 g6 19. h4 f5 20. Bg2 Rc8 21. Bg5 Qd7
22. a4 Nxa4 23. Bxd5 Qxd5 24. Red1 Qf3 25. Bf6 Nc3 26. Qd2 Nxd1 27. Rxd1 c3 28.
Qh6 Qxd1+ 29. Kg2 Rc7 {White resigns} 0-1

[Event "Team 45 45 League T24"]
[Site "Internet Chess Club"]
[Date "2004.10.08"]
[Round "4"]
[White "dawgfish"]
[Black "liger"]
[Result "1-0"]
[WhiteElo "1286"]
[BlackElo "1224"]
[TimeControl "2700+45"]

1. Nf3 d5 2. g3 Bg4 3. Bg2 Nc6 4. O-O e5 5. d3 Nf6 6. h3 Bxf3 7. exf3 Bc5 8. f4
e4 9. Qe1 Nd4 10. Qd2 exd3 11. Qxd3 O-O 12. Be3 Ne6 13. f5 Bxe3 14. fxe6 Bb6 15.
Qf5 g6 16. Qe5 c6 17. Nc3 fxe6 18. Qxe6+ Kg7 19. Qe2 Re8 20. Qd2 Qd6 21. Na4 Ne4
22. Bxe4 Rxe4 23. Nxb6 axb6 24. Rae1 Rxe1 25. Rxe1 Rxa2 26. Qd4+ Kf7 27. Qxb6
Qd7 28. Kg2 d4 29. f3 Ra6 30. Qb3+ Kf6 31. Qd3 Ra2 32. Re4 c5 33. Rf4+ Kg7 34.
Qc4 Rxb2 35. Qxc5 b6 36. Qf8# {Black checkmated} 1-0

[Event "Team 45 45 League T24"]
[Site "Internet Chess Club"]
[Date "2004.10.02"]
[Round "4"]
[White "Burning-Bush"]
[Black "TheTankDriver"]
[Result "0-1"]
[WhiteElo "2233"]
[BlackElo "2245"]
[TimeControl "2700+45"]

1. d4 e6 2. c4 d5 3. Nc3 Be7 4. Nf3 Nf6 5. Bg5 O-O 6. e3 b6 7. cxd5 exd5 8. Rc1
Bb7 9. Bd3 Nbd7 10. O-O c5 11. Bf5 g6 12. Bh3 c4 13. Ne5 Nxe5 14. dxe5 Ne4 15.
Nxe4 dxe4 16. Bh6 Qxd1 17. Rfxd1 Rfd8 18. Rd4 Rxd4 19. exd4 b5 20. g3 g5 21. b3
Bd5 22. bxc4 bxc4 23. Bf1 Rc8 24. Be2 Rc6 25. Rb1 Rxh6 26. Rb5 c3 27. Bd1 Rb6
{White resigns} 0-1

[Event "Team 45 45 League T24"]
[Site "Internet Chess Club"]
[Date "2004.10.05"]
[Round "4"]
[White "Gregorio"]
[Black "ChessAddict"]
[Result "1/2-1/2"]
[WhiteElo "2153"]
[BlackElo "2055"]
[TimeControl "2700+45"]

1. e4 e6 2. d4 d5 3. Nd2 Be7 4. c3 c5 5. exd5 Qxd5 6. dxc5 Bxc5 7. Qf3 Nf6 8.
Bc4 Qxf3 9. Ngxf3 O-O 10. Nb3 Bd6 11. O-O Nbd7 12. Rd1 Nb6 13. Be2 Be7 14. Ne5
Nfd5 15. Nd4 f6 16. Nc4 e5 17. Nb5 {Game drawn by mutual agreement} 1/2-1/2

[Event "Team 45 45 League T24"]
[Site "Internet Chess Club"]
[Date "2004.10.02"]
[Round "4"]
[White "Parsnip"]
[Black "chickenhead"]
[Result "1-0"]
[WhiteElo "1747"]
[BlackElo "1885"]
[TimeControl "2700+45"]

1. d4 e6 2. Nf3 Nf6 3. Bf4 b6 4. e3 Bb7 5. Bd3 Bb4+ 6. c3 Be7 7. O-O O-O 8. h3
d5 9. Qc2 c5 10. Nbd2 Nbd7 11. Rfe1 cxd4 12. exd4 Qc8 13. Ne5 Bd6 14. Ndf3 a5
15. Nxd7 Qxd7 16. Be5 Ne4 17. Qe2 f6 18. Bxd6 Qxd6 19. Rad1 Rac8 20. Nd2 f5 21.
Nf3 a4 22. a3 Bc6 23. Ne5 Be8 24. Bb5 Ra8 25. Bxe8 Rfxe8 26. Qh5 Qe7 27. Rd3
Rac8 28. Rde3 g6 29. Qe2 Rf8 30. Qb5 f4 31. R3e2 f3 32. Nxf3 Rxf3 33. gxf3 Qg5+
34. Kh1 Nxf2+ 35. Rxf2 Qg3 36. Qf1 Kf7 37. Qg2 Qh4 38. Rfe2 Re8 39. Qg4 Qf6 40.
f4 h5 41. Qg5 Qh8 42. h4 b5 43. Kg2 {Black resigns} 1-0

[Event "Team 45 45 League T24"]
[Site "Internet Chess Club"]
[Date "2004.10.01"]
[Round "4"]
[White "JustinSane"]
[Black "A-Ru"]
[Result "1-0"]
[WhiteElo "2196"]
[BlackElo "1932"]
[TimeControl "2700+45"]

1. d4 e6 2. c4 d5 3. Nc3 c6 4. e3 Bd6 5. Nf3 Nd7 6. b3 f5 7. Bd3 Nh6 8. O-O O-O
9. Bb2 Qf6 10. Nd2 Ng4 11. h3 Qh6 12. Qe2 a6 13. Rae1 Nh2 14. f4 Nxf1 15. Rxf1
Nf6 16. c5 Bc7 17. b4 Ne4 18. Ncxe4 fxe4 19. Bc2 Bd7 20. a4 Rf6 21. Kh2 g5 22.
g3 gxf4 23. exf4 Rg6 24. Rf2 e5 25. dxe5 Bxh3 26. Qe3 Kf7 27. Kg1 Rag8 28. Nf1
Bxf1 29. Kxf1 Rxg3 30. Qd4 Rg1+ 31. Ke2 R1g2 32. f5 Qh2 33. e6+ Ke8 34. f6 Rxf2+
35. Qxf2 Qxf2+ 36. Kxf2 Rg6 37. Bd1 Rh6 38. Bg4 Bd8 39. f7+ Kf8 40. Be5 Be7 41.
Ke3 Rh1 42. Kd4 Ra1 43. Bd6 Rxa4 44. Ke5 Rxb4 45. Bxe7+ Kxe7 46. f8=Q+ Kxf8 47.
Kd6 e3 48. e7+ Kg7 49. e8=Q Re4 50. Qd7+ Kf6 51. Qf5+ Kg7 52. Qg5+ Kf7 53. Bh5+
Kf8 54. Qf6+ Kg8 55. Bf7+ {Black resigns} 1-0

[Event "Team 45 45 League T24"]
[Site "Internet Chess Club"]
[Date "2004.10.04"]
[Round "4"]
[White "DirkPlenty"]
[Black "shadow-master"]
[Result "0-1"]
[WhiteElo "1965"]
[BlackElo "2194"]
[TimeControl "2700+45"]

1. e4 c5 2. Nf3 Nc6 3. d4 cxd4 4. Nxd4 Nf6 5. Nc3 e5 6. Nf5 d5 7. exd5 Bxf5 8.
dxc6 Qxd1+ 9. Nxd1 bxc6 10. Ne3 Bg6 11. Be2 Bc5 12. c3 O-O 13. O-O Nd5 14. Bc4
Rad8 15. Bd2 Nb6 16. Bc1 Bxe3 17. Bxf7+ Rxf7 18. Bxe3 Rfd7 {White resigns} 0-1

[Event "Team 45 45 League T24"]
[Site "Internet Chess Club"]
[Date "2004.10.02"]
[Round "4"]
[White "nightly"]
[Black "mickeys"]
[Result "1-0"]
[WhiteElo "1972"]
[BlackElo "1846"]
[TimeControl "2700+45"]

1. c4 Nf6 2. g3 d5 3. cxd5 Nxd5 4. Bg2 c6 5. Nc3 Nxc3 6. bxc3 g6 7. Nf3 Bg7 8.
O-O O-O 9. Qb3 Nd7 10. a4 Qb6 11. Qc2 Nf6 12. Ba3 Qc7 13. Rab1 Bf5 14. d3 Rab8
15. c4 Rfe8 16. Bb2 e5 17. Nd2 c5 18. Bc3 a5 19. Rb5 b6 20. Rfb1 Bd7 21. R5b2
Bc6 22. Bxc6 Qxc6 23. Nf3 Nd7 24. Re1 e4 25. Bxg7 Kxg7 26. dxe4 Qxe4 27. Qc3+
Kg8 28. Rd2 Qc6 29. Red1 Nf8 30. Qb3 Kg7 31. Rd6 Qc7 32. Qb2+ Kg8 33. Ne5 Rbd8
34. Ng4 Rxd6 35. Nh6# {Black checkmated} 1-0

[Event "Team 45 45 League T24"]
[Site "Internet Chess Club"]
[Date "2004.10.03"]
[Round "4"]
[White "jmoffitt"]
[Black "KirkB"]
[Result "0-1"]
[WhiteElo "1677"]
[BlackElo "1567"]
[TimeControl "2700+45"]

1. e4 c5 2. Nf3 Nc6 3. d4 cxd4 4. Nxd4 g6 5. c4 Nf6 6. Nc3 d6 7. Be2 Nxd4 8.
Qxd4 Bg7 9. Qd1 O-O 10. O-O Be6 11. Qc2 Qa5 12. Bd2 Qc5 13. Be3 Qa5 14. Rab1
Rfc8 15. b3 a6 16. Rbd1 Rab8 17. Qd2 b5 18. Qd4 Ng4 19. Qa7 Nxe3 20. fxe3 Qxc3
21. Rd3 Qa5 22. Qxe7 Qd8 23. Qa7 Ra8 24. Qb7 Rc7 25. Qb6 Qb8 26. Qxd6 Qd8 27.
Qf4 Qe7 28. Rfd1 Rd7 29. Rxd7 Bxd7 30. Bf3 Rd8 31. Qc7 Be5 32. Qb7 bxc4 33. bxc4
Qe6 34. c5 Bf6 35. h3 Bb5 36. Rc1 Bg5 37. c6 Bxe3+ 38. Kh1 Bxc1 39. c7 Rc8 40.
Qb8 Qd7 41. Bg4 f5 42. exf5 gxf5 43. Bf3 Qxc7 44. Bd5+ Kf8 45. Qxc7 Rxc7 46. Be6
Bd3 47. a4 Bf4 48. g4 fxg4 49. Bxg4 Ke7 50. Kg2 Rc4 51. a5 Rc5 52. Kf3 Bc7 53.
Ke3 Bf5 54. Be2 Re5+ 55. Kf4 Rxe2+ 56. Kxf5 Bxa5 57. h4 Rg2 58. h5 Bc3 59. Kf4
h6 60. Kf3 Rg5 61. Ke4 Ke6 62. Kd3 Bf6 63. Ke4 a5 64. Kd3 Rd5+ 65. Kc4 Ke5 66.
Kb3 Rd4 67. Ka3 Kd5 68. Kb3 Kc5 69. Ka3 Kb5 70. Kb3 Rc4 71. Ka3 Bd8 72. Kb3 a4+
73. Ka3 Rc3+ 74. Kb2 Kb4 75. Ka2 Rh3 76. Kb2 Rh2+ 77. Kc1 Kc3 78. Kb1 a3 79. Ka1
Rg2 80. Kb1 Kb3 81. Kc1 a2 {White resigns} 0-1